 Dungeon Crawl Stone Soup version 0.30.0-29-ga12c61a403 (webtiles) character file.

Game seed: 8626517280965705438

1130 cheesebisquit the Changer (level 8, -2/36 HPs)
             Began as a Felid Transmuter on June 11, 2023.
             Slain by a wight
             ... wielding a +0 morningstar
              (7 damage)
             ... on level 6 of the Dungeon.
             The game lasted 00:32:55 (6592 turns).

cheesebisquit the Changer (Felid Transmuter)        Turns: 6592, Time: 00:32:56

Health: -2/36      AC:  2    Str:  6    XL:     8   Next: 13%
Magic:  11/15      EV: 24    Int: 16    God:
Gold:   439        SH:  0    Dex: 22    Spells: 5/15 levels left
                                        Lives:  0   Deaths: 2

rFire   . .          .
                       - Unarmed
rCold   . . .        (shield unavailable)
rNeg    + . .        (body armour unavailable)
rPois   x            (helmet unavailable)
rElec   .            (cloak unavailable)
rCorr   .            (gloves unavailable)
SInv    +            (boots unavailable)
Will    +....        (no amulet)
Stlth   +++          h - ring of positive energy
HPRegen 0.26/turn    (no ring)
MPRegen 0.14/turn

%: no passive effects
@: spider-form (expiring), wereblooded (expiring)
A: venomous fangs, tiny, (claws 1), (fangs 3), see invisible, (speed 1), (shaggy
fur 2), (stealthy paws), no weapons or thrown items, no armour, multi-lived
a: End Transformation


You were on level 6 of the Dungeon.
You were a venomous arachnid creature.
You visited 1 branch of the dungeon, and saw 7 of its levels.
You also visited: Sewer.

You collected 439 gold pieces.

Inventory:

Jewellery
 h - a ring of positive energy (left front pincers)
Wands
 t - a wand of iceblast (8)
Scrolls
 b - 2 scrolls of immolation
 f - a scroll of fog {unknown}
 i - 2 scrolls of teleportation
 l - a scroll of vulnerability
 m - a scroll of enchant weapon {unknown}
 p - a scroll of poison
 r - a scroll of magic mapping
Potions
 a - 3 potions of lignification
 d - a potion of mutation
 g - 2 potions of cancellation
 o - a potion of brilliance
 q - a potion of attraction {unknown}


   Skills:
 + Level 3.8 Fighting
 + Level 5.8 Dodging
 - Level 5.0 Stealth
 + Level 5.0 Unarmed Combat
 + Level 4.2 Spellcasting
 * Level 6.0 Transmutations
 + Level 2.3 Ice Magic
 + Level 3.1 Poison Magic


You had 5 spell levels left.
You knew the following spells:

 Your Spells              Type           Power      Damage    Failure   Level
a - Beastly Appendage     Tmut           44%        N/A       6%          1
b - Wereblood             Tmut           22%        N/A       8%          2
c - Spider Form           Tmut/Pois      18%        N/A       21%         3
d - Ice Form              Ice/Tmut       16%        N/A       50%         4

Your spell library contained the following spells:

 Spells                   Type           Power      Damage    Failure   Level
 Magic Dart               Conj           12%        1d3       36%         1
 Lesser Beckoning         Tloc           6%         N/A       47%         2
 Searing Ray              Conj           6%         2d4       47%         2
 Gell's Gravitas          Tloc           3%         N/A       67%         3
 Teleport Other           Tloc           3%         N/A       67%         3
 Fulminant Prism          Conj/Hex       1%         3d5       95%         4


Dungeon Overview and Level Annotations

Branches:
Dungeon (7/15)              Sewer (visited)
 Temple: D:4-7

Altars:
Cheibriados
Okawaru
Sif Muna
Uskayaw
Wu Jian
Xom

Shops:
D:5 [   D:6 :

Annotations:
D:6 Pikel


Innate Abilities, Weirdness & Mutations

You are a venomous arachnid creature.
You have venomous fangs.
You are tiny and dextrous.
Your spellcasting is less reliable in this form.
((You have sharp claws.))
((You have razor-sharp teeth.))
You have supernaturally acute eyesight. (SInv)
((You cover ground quickly. (Speed+)))
((You are covered in thick fur. (AC +2)))
((Your paws help you pounce on unaware monsters.))
You are incapable of wielding weapons or throwing items.
You cannot wear armour.
You gain extra lives every three experience levels.


Message History

The wight is almost destroyed.
You hit the wight.
You feel a bit better.
You destroy the wight!
The wight misses you. The wight completely misses you.
Your life force feels restored.
You hit the wight.
The wight is moderately damaged.
The wight completely misses you. x2
You hit the wight.
The wight is moderately damaged.
The wight closely misses you.
The wight hits you with a +2 heavy war axe!
* * * LOW HITPOINT WARNING * * *
The wight closely misses you.
You hit the wight.
The wight is moderately damaged.
The wight completely misses you. The wight misses you.
The wight closely misses you.
You hit the wight but do no damage.
The wight is moderately damaged.
The wight hits you with a +0 morningstar.
* * * LOW HITPOINT WARNING * * *
The wight misses you.
You hit the wight.
The wight is severely damaged.
Your transformation is almost over.
The wight misses you. The wight closely misses you. x2
You bite the wight!
You feel a bit better.
You destroy the wight!
The wight completely misses you.
Your Unarmed Combat skill increases to level 5!
Your Transmutations skill increases to level 6!
You bite the wight!
The wight is almost destroyed.
The wight closely misses you. The wight misses you.
You completely miss the wight.
The wight is almost destroyed.
Your primal bloodlust is almost over.
The wight hits you with a +0 morningstar!
You die...

#................#.# #....
##..............##.###.....
##.....##.5>..###.#... ..∩
############## #.#.##....
#......... ##...^.....
####........##
#####.......###...
#.)sz.#...### .
#.....$##z.....#
.....##..z...#.# ...♣
...##.#..... .. ..###
..#.....# . # .##........
#. ......## #..$..#


You could see 3 wights.

Vanquished Creatures
  3 water moccasins (D:5)
  An ice beast (D:7)
  An ogre (D:5)
  2 lemures (D:5)
  A phantom (D:5)
  2 bullfrogs (Sewer)
  4 scorpions
  2 wights (D:6)
  2 quasits (D:6)
  3 hounds (D:5)
  A jelly (D:6)
  An orc priest (D:3)
  6 iguanas
  A sleepcap (D:5)
  Natasha (D:4)
  An orc wizard (D:6)
  9 adders
  A shadow imp (D:6)
  2 white imps (D:6)
  6 ufetubi
  A worm (D:5)
  10 dart slugs
  17 orcs
  5 endoplasms
  18 giant cockroaches
  5 goblins
  7 hobgoblins
  2 jackals (D:3)
  10 kobolds
  8 quokkas
  13 ball pythons
  3 bats
  6 frilled lizards
  8 rats
163 creatures vanquished.

Notes
Turn   | Place    | Note
-------+----------+-------------------------------------------
     0 | D:1      | cheesebisquit the Felid Transmuter began the quest for the
                  | Orb.
     0 | D:1      | Reached XP level 1. HP: 9/9 MP: 4/4
   271 | D:1      | Reached XP level 2. HP: 12/12 MP: 4/6
   363 | D:1      | Reached skill level 1 in Stealth
   584 | D:1      | Reached XP level 3. HP: 11/15 MP: 5/7
   858 | D:1      | Learned a level 2 spell: Wereblood
   862 | D:1      | Learned a level 3 spell: Spider Form
  1378 | D:2      | Reached XP level 4. HP: 14/19 MP: 6/8
  1620 | D:2      | Found a faded altar of an unknown god.
  2247 | D:2      | Found a faded altar of an unknown god.
  2895 | D:3      | Reached skill level 3 in Transmutations
  2982 | D:3      | Reached XP level 5. HP: 22/22 MP: 8/10
  3205 | D:4      | Reached skill level 1 in Poison Magic
  3216 | D:4      | Found a shimmering altar of Xom.
  3217 | D:4      | Noticed Natasha
  3415 | D:4      | Found a glowing drain.
  3431 | Sewer    | Entered a sewer
  3492 | Sewer    | Gained mutation: You are covered in thick fur. (AC +2)
                  | [Felid growth]
  3492 | Sewer    | Reached XP level 6. HP: 26/26 MP: 8/11
  3672 | Sewer    | Slain by a bullfrog
  3673 | Sewer    | Reached XP level 5. HP: 0/22 MP: 9/10
  3721 | Sewer    | Reached XP level 6. HP: 23/27 MP: 11/11
  4084 | D:4      | Learned a level 4 spell: Ice Form
  4380 | D:4      | Killed Natasha
  4709 | D:5      | Entered Level 5 of the Dungeon
  4923 | D:5      | Noticed a water moccasin
  4984 | D:5      | Reached skill level 4 in Transmutations
  4984 | D:5      | Reached XP level 7. HP: 23/30 MP: 10/13
  5216 | D:5      | Found Gestridd's Antique Armour Shop.
  5227 | D:5      | Found Appuch's Book Emporium.
  5368 | D:5      | Reached skill level 1 in Ice Magic
  5368 | D:5      | Found an iron altar of Okawaru.
  5370 | D:5      | Found a hide-covered altar of Uskayaw.
  5374 | D:5      | Found an ornate altar of the Wu Jian Council.
  5374 | D:5      | Found a snail-covered altar of Cheibriados.
  5378 | D:5      | Found a shimmering blue altar of Sif Muna.
  5509 | D:5      | Reached skill level 5 in Dodging
  5646 | D:6      | Reached XP level 8. HP: 33/34 MP: 10/14
  5651 | D:6      | Noticed Pikel
  5682 | D:4      | Slain by a water moccasin
  5683 | D:4      | Reached XP level 7. HP: -1/31 MP: 13/13
  5756 | D:6      | Reached skill level 5 in Transmutations
  6035 | D:5      | Reached skill level 5 in Stealth
  6248 | D:6      | Found Moanai's Book Shop.
  6567 | D:6      | Reached XP level 8. HP: 32/36 MP: 8/15
  6591 | D:6      | Reached skill level 5 in Unarmed Combat
  6591 | D:6      | Reached skill level 6 in Transmutations
  6592 | D:6      | Slain by a wight

Illustrated notes

Levels and vault maps discovered:
D:1:      dpeg_arrival_three_smaller_balls, layout_loops_ring,
          hangedman_decor_points
D:2:      layout_loops_ring, shapermc_ecumenical_altar_pompeii,
          kennysheep_donut, minmay_hexomino_c4
D:3:      layout_basic
D:4:      layout_gridville, nicolae_overflow_crystal_walls,
          gup_sewer_entry_pipe, uniq_natasha
D:5:      layout_basic, minitemple, serial_shops, shop, shop, grunt_ministairs_9
D:6:      layout_rooms, minmay_temple_entry_nine_rooms, serial_demonic,
          serial_demonic_d, serial_demonic_e, serial_demonic_g,
          serial_demonic_e, serial_demonic_a, serial_demonic_d, serial_shops,
          shop, uniq_pikel
D:7:      layout_basic, hangedman_abyss_or_decor_slice, worms_lemuel

Skill      XL: |  1  2  3  4  5  6  7  8 |
---------------+-------------------------+-----
Stealth        | 1 2 3 4 5 |  5.0
Dodging        | 3 4 5 |  5.8
Transmutations | 3 4 5 6 |  6.0
Fighting       | 2 3 |  3.8
Poison Magic   | 1 2 3 |  3.1
Spellcasting   | 3 4 |  4.2
Unarmed Combat | 4 5 |  5.0
Ice Magic      | 2 |  2.3

Action                     |  1- 3 |  4- 6 |  7- 9 || total
---------------------------+-------+-------+-------++-------
  Melee: Unarmed           |    69 |   255 |   212 ||   536
         Headbutt          |    12 |    44 |    24 ||    80
         Bite              |     4 |    23 |    18 ||    45
         Punch             |     2 |     8 |     1 ||    11
   Cast: Beastly Appendage |    24 |    50 |    13 ||    87
         Wereblood         |       |    18 |    13 ||    31
         Spider Form       |       |       |     9 ||     9
    Use: Scroll            |       |    11 |     6 ||    17
         Potion            |       |     4 |     9 ||    13
   Stab: Sleeping          |     4 |     6 |     3 ||    13
 Armour: Skin              |     1 |    14 |    14 ||    29
  Dodge: Dodged            |    39 |   212 |   301 ||   552
